[Event "Wuerttemberg Rapid Teams 2024"]
[Site "B?blingen, Germany"]
[Date "2024.04.13"]
[Round "6.1"]
[White "Koelle, Tobias"]
[Black "Kuklin, Valentin"]
[Result "1/2-1/2"]
[ECO "A70"]
[WhiteElo "2467"]
[BlackElo "2367"]
[Annotator "RC"]
[PlyCount "127"]
[EventDate "2024.04.13"]
[EventType "team-tourn"]
[SourceTitle "playchess.com"]
[Source "ChessBase"]
[SourceQuality "1"]
[TimeControl "900+5"]

1. d4 Nf6 2. c4 c5 3. d5 e6 4. Nf3 exd5 5. cxd5 d6 6. Nc3 g6 7. h3 Bg7 8. e4 O-O 9. Bd3 Nh5 10. O-O Nd7 11. Bg5 Bf6 12. Be3 Ne5 13. Nxe5 Bxe5 14. f4 Bg7 15. Qf3 Re8 16. Rae1 a6 17. a4 Rb8 18. e5 dxe5 19. fxe5 Rxe5 20. Qxf7+ Kh8 21. Bxc5 Bd7 22. Bd4 Rxe1 23. Bxg7+ Nxg7 24. Rxe1 Qb6+ 25. Qf2 Qb4 26. Ne4 Bxa4 27. Ng5 Rf8 28. Re4 Rxf2 29. Rxb4 Rd2 30. Bxa6 bxa6 31. Rxa4 h6 32. Ne4 Rxd5 33. Rxa6 Nh5 34. Rxg6 Rd1+ 35. Kh2 Kh7 36. Rb6 Re1 37. Nf6+ Nxf6 38. Rxf6 Re3 39. Rb6 Rd3 40. b4 Rb3 41. b5 h5 42. Kg1 Rb2 43. Rb8 Kg7 44. b6 Kh7 45. g3 Rb3 46. Kf2 Kg7 47. Ke2 Rxg3 48. Rc8 Rb3 49. Rc6 Rxh3 50. Kd2 Rb3 51. Kc2 Rb5 52. Kc3 h4 53. Rc7+ Kg6 54. b7 h3 55. Kd3 h2 56. Rc1 Rxb7 57. Ke3 Kg5 58. Kf3 Kh4 59. Kg2 Rb2+ 60. Kh1 Kh3 61. Rc3+ Kh4 62. Rc4+ Kh3 63. Rc3+ Kh4 64. Rc4+ 1/2-1/2

[Event "Wuerttemberg Rapid Teams 2024"]
[Site "B?blingen, Germany"]
[Date "2024.04.13"]
[Round "6.2"]
[White "Vujic, Branimir"]
[Black "Deuer, Marius"]
[Result "0-1"]
[ECO "D02"]
[WhiteElo "2218"]
[BlackElo "2439"]
[Annotator "RC"]
[PlyCount "82"]
[EventDate "2024.04.13"]
[EventType "team-tourn"]
[SourceTitle "playchess.com"]
[Source "ChessBase"]
[SourceQuality "1"]
[TimeControl "900+5"]

1. d4 Nf6 2. Bf4 d5 3. e3 e6 4. Nf3 c5 5. Nc3 a6 6. dxc5 Bxc5 7. Bd3 Bd6 8. Bxd6 Qxd6 9. O-O e5 10. e4 d4 11. Ne2 Bg4 12. Ng3 Nc6 13. h3 Bxf3 14. Qxf3 g6 15. Bc4 O-O 16. Rfd1 Rad8 17. Bb3 Kg7 18. Rd2 Rd7 19. Rad1 Rfd8 20. Ne2 b5 21. c3 Qc5 22. Nc1 Na5 23. Ne2 Nxb3 24. axb3 Qc6 25. Ng3 dxc3 26. Rxd7 Rxd7 27. Rxd7 c2 28. Rd1 c1=Q 29. Rxc1 Qxc1+ 30. Kh2 Qxb2 31. Qe3 h6 32. Qb6 Qxb3 33. Qxa6 Qb2 34. Qb6 b4 35. f3 b3 36. Qb5 Qc2 37. Nf1 b2 38. Ne3 b1=Q 39. Qxe5 Qcb2 40. Qc5 Q1c1 41. Qa7 Qe5+ 0-1

[Event "Wuerttemberg Rapid Teams 2024"]
[Site "B?blingen, Germany"]
[Date "2024.04.13"]
[Round "6.3"]
[White "Kocharin, Timur"]
[Black "Schuh, Karsten"]
[Result "1-0"]
[ECO "B32"]
[WhiteElo "2250"]
[BlackElo "2133"]
[Annotator "RC"]
[PlyCount "87"]
[EventDate "2024.04.13"]
[EventType "team-tourn"]
[SourceTitle "playchess.com"]
[Source "ChessBase"]
[SourceQuality "1"]
[TimeControl "900+5"]

1. e4 c5 2. Nf3 Nc6 3. d4 cxd4 4. Nxd4 Qc7 5. c4 Nf6 6. Nc3 e6 7. a3 Nxd4 8. Qxd4 Bc5 9. Qd3 Ng4 10. Nd1 O-O 11. Qg3 Qxg3 12. hxg3 b6 13. f3 Ne5 14. Bf4 f6 15. b4 Be7 16. Be2 a5 17. b5 Bb7 18. Be3 Rac8 19. Bxb6 Nxc4 20. Bxc4 Rxc4 21. Ne3 Ra4 22. Nc2 Rb8 23. Bc7 Rc8 24. b6 Bc5 25. Kd2 Rc4 26. Rhc1 Kf7 27. a4 Ke7 28. Ne3 Rd4+ 29. Ke1 Bd6 30. Rab1 Bb4+ 31. Kf2 d6 32. Rd1 Rxd1 33. Rxd1 Kd7 34. Nc4 d5 35. exd5 exd5 36. Ne3 Ke6 37. Nc2 Bc5+ 38. Nd4+ Kd7 39. Ke3 Re8+ 40. Kd3 Ba6+ 41. Nb5 Kc6 42. Rc1 Re3+ 43. Kd2 d4 44. Nxd4+ 1-0

[Event "Wuerttemberg Rapid Teams 2024"]
[Site "B?blingen, Germany"]
[Date "2024.04.13"]
[Round "6.4"]
[White "Schuh, Bernd-Martin"]
[Black "Junesch, Gerhard"]
[Result "0-1"]
[ECO "D11"]
[WhiteElo "1976"]
[BlackElo "2267"]
[Annotator "RC"]
[PlyCount "86"]
[EventDate "2024.04.13"]
[EventType "team-tourn"]
[SourceTitle "playchess.com"]
[Source "ChessBase"]
[SourceQuality "1"]
[TimeControl "900+5"]

1. Nf3 d5 2. g3 c6 3. b3 Bg4 4. Bg2 Nd7 5. Bb2 e6 6. c4 Ngf6 7. O-O Bd6 8. d4 O-O 9. Nc3 h6 10. Rc1 Qe7 11. Ne1 Ba3 12. Bxa3 Qxa3 13. f3 Bh5 14. Nd3 Bg6 15. Nf4 Bh7 16. Re1 dxc4 17. bxc4 e5 18. dxe5 Nxe5 19. Qd4 Rfe8 20. c5 Rad8 21. Qf2 Nc4 22. e4 Rd2 23. Nb1 Rxf2 24. Nxa3 Rxg2+ 25. Kxg2 Nxa3 26. Rc3 Nb5 27. Rb3 Nd7 28. Rc1 Rb8 29. a4 Nc7 30. Ne2 Na6 31. Rbc3 f5 32. exf5 Bxf5 33. Nd4 Bg6 34. Nb3 Bf7 35. Na5 Bd5 36. Kf2 Kf7 37. Nc4 Naxc5 38. Ne3 Nxa4 39. Ra3 b5 40. Nxd5 cxd5 41. Rc7 Ke6 42. Rxa7 Nab6 43. R3a6 b4 0-1

[Event "Wuerttemberg Rapid Teams 2024"]
[Site "B?blingen, Germany"]
[Date "2024.04.13"]
[Round "6.5"]
[White "Fischer, Andre"]
[Black "Peng, Xiang-Tobias"]
[Result "1/2-1/2"]
[ECO "B90"]
[WhiteElo "2248"]
[BlackElo "2187"]
[Annotator "RC"]
[PlyCount "102"]
[EventDate "2024.04.13"]
[EventType "team-tourn"]
[SourceTitle "playchess.com"]
[Source "ChessBase"]
[SourceQuality "1"]
[TimeControl "900+5"]

1. e4 c5 2. Nf3 d6 3. d4 cxd4 4. Nxd4 Nf6 5. Nc3 a6 6. Rg1 e5 7. Nb3 Be6 8. g4 d5 9. g5 Nxe4 10. Nxe4 dxe4 11. Qxd8+ Kxd8 12. Bg2 Nd7 13. Bxe4 Kc7 14. Be3 Bb4+ 15. c3 Be7 16. O-O-O a5 17. f4 a4 18. Nd2 Bc5 19. Bxc5 Nxc5 20. Bb1 exf4 21. Rgf1 Rhd8 22. Rxf4 Bxa2 23. Rf5 Nb3+ 24. Nxb3 Rxd1+ 25. Kxd1 Bxb3+ 26. Bc2 Rd8+ 27. Kc1 Be6 28. Re5 Rd5 29. Rxd5 Bxd5 30. Bxa4 Kd6 31. Kd2 Ke5 32. Ke3 Kf5 33. Kd4 Be6 34. b4 Kxg5 35. b5 Kf6 36. b6 Ke7 37. c4 Bd7 38. Bc2 Bc6 39. c5 g6 40. Bd3 h6 41. Bc2 f5 42. Ke5 Bg2 43. Ba4 Kd8 44. h4 Be4 45. Kf6 g5 46. hxg5 hxg5 47. Kxg5 Bd3 48. Bb3 Kd7 49. Bd5 Be4 50. Bxb7 Bxb7 51. Kxf5 Kc6 1/2-1/2

[Event "Wuerttemberg Rapid Teams 2024"]
[Site "B?blingen, Germany"]
[Date "2024.04.13"]
[Round "6.6"]
[White "Weiss, Oliver"]
[Black "Ramirez Marin, Ivan"]
[Result "1-0"]
[ECO "D00"]
[WhiteElo "2220"]
[BlackElo "2271"]
[Annotator "RC"]
[PlyCount "67"]
[EventDate "2024.04.13"]
[EventType "team-tourn"]
[SourceTitle "playchess.com"]
[Source "ChessBase"]
[SourceQuality "1"]
[TimeControl "900+5"]

1. d4 d5 2. Bf4 c5 3. e3 Nc6 4. c3 Bf5 5. Qb3 Qd7 6. Nf3 e6 7. Bb5 f6 8. O-O c4 9. Qa4 Nge7 10. b3 cxb3 11. axb3 g5 12. Bg3 h5 13. h4 gxh4 14. Nxh4 Kf7 15. Nd2 Bh6 16. Be2 Bg4 17. Bd3 Rag8 18. Rae1 e5 19. dxe5 Nxe5 20. Bb5 N5c6 21. Ndf3 a6 22. Bd3 Be6 23. e4 Rg4 24. Qa2 d4 25. cxd4 Nxd4 26. Bc4 Bxc4 27. bxc4 Nxf3+ 28. Nxf3 Kg7 29. e5 Rf8 30. exf6+ Rxf6 31. Ne5 Qd2 32. Qxd2 Bxd2 33. Nxg4 Bxe1 34. Nxf6 1-0

[Event "Wuerttemberg Rapid Teams 2024"]
[Site "B?blingen, Germany"]
[Date "2024.04.13"]
[Round "6.7"]
[White "Wunder, Niklas"]
[Black "Schnepp, Gunnar"]
[Result "1/2-1/2"]
[ECO "D40"]
[WhiteElo "2071"]
[BlackElo "2233"]
[Annotator "RC"]
[PlyCount "47"]
[EventDate "2024.04.13"]
[EventType "team-tourn"]
[SourceTitle "playchess.com"]
[Source "ChessBase"]
[SourceQuality "1"]
[TimeControl "900+5"]

1. d4 Nf6 2. c4 e6 3. Nf3 d5 4. e3 c5 5. Nc3 Nc6 6. a3 dxc4 7. Bxc4 a6 8. O-O b5 9. Ba2 Bb7 10. Qe2 cxd4 11. Rd1 b4 12. Nxd4 Nxd4 13. Rxd4 Qb6 14. axb4 Bxb4 15. Bd2 Be7 16. Na4 Qc6 17. f3 O-O 18. Rc1 Qb5 19. Qe1 Rac8 20. Nc3 Qb6 21. Na4 Qb5 22. Nc3 Qb6 23. Na4 Qb5 24. Nc3 1/2-1/2

[Event "Wuerttemberg Rapid Teams 2024"]
[Site "B?blingen, Germany"]
[Date "2024.04.13"]
[Round "6.8"]
[White "Sokratov, Stanislav"]
[Black "Geshnizjani, Ramin"]
[Result "1/2-1/2"]
[ECO "D02"]
[WhiteElo "2146"]
[BlackElo "2137"]
[Annotator "RC"]
[PlyCount "65"]
[EventDate "2024.04.13"]
[EventType "team-tourn"]
[SourceTitle "playchess.com"]
[Source "ChessBase"]
[SourceQuality "1"]
[TimeControl "900+5"]

1. d4 d5 2. Nf3 Nf6 3. Bf4 e6 4. e3 Bd6 5. Nbd2 Bxf4 6. exf4 O-O 7. c3 b6 8. h4 c5 9. h5 h6 10. Bd3 Ba6 11. Bxa6 Nxa6 12. Qe2 Nc7 13. O-O-O Nce8 14. Rdg1 Qd6 15. Rh4 cxd4 16. Nxd4 Rc8 17. Qe5 Nd7 18. Qxd6 Nxd6 19. g4 e5 20. fxe5 Nxe5 21. Kc2 Rfe8 22. g5 hxg5 23. Rxg5 f6 24. Rg1 Kf7 25. Rh3 Rh8 26. Nf1 Nc6 27. Rg4 Ne5 28. Rg1 Nc6 29. Rg4 Ne5 30. Rf4 g6 31. hxg6+ Nxg6 32. Rff3 Rxh3 33. Rxh3 1/2-1/2

[Event "Wuerttemberg Rapid Teams 2024"]
[Site "B?blingen, Germany"]
[Date "2024.04.13"]
[Round "6.10"]
[White "Namyslo, Holger"]
[Black "Kaufmann, Thorsten"]
[Result "1/2-1/2"]
[ECO "C13"]
[WhiteElo "2125"]
[BlackElo "2057"]
[Annotator "RC"]
[PlyCount "31"]
[EventDate "2024.04.13"]
[EventType "team-tourn"]
[SourceTitle "playchess.com"]
[Source "ChessBase"]
[SourceQuality "1"]
[TimeControl "900+5"]

1. e4 e6 2. d4 d5 3. Nc3 Nf6 4. Bg5 dxe4 5. Nxe4 Be7 6. Bxf6 Bxf6 7. Nf3 O-O 8. c3 b6 9. Bd3 Bb7 10. O-O Nd7 11. Re1 Be7 12. Qe2 c5 13. Rad1 cxd4 14. Nxd4 Nc5 15. Nxc5 Bxc5 16. Be4 1/2-1/2

[Event "Wuerttemberg Rapid Teams 2024"]
[Site "B?blingen, Germany"]
[Date "2024.04.13"]
[Round "6.11"]
[White "Schulze, Andreas"]
[Black "Albrecht, Neil"]
[Result "1-0"]
[ECO "B05"]
[WhiteElo "2080"]
[BlackElo "1950"]
[Annotator "NA RC"]
[PlyCount "89"]
[EventDate "2024.04.13"]
[EventType "team-tourn"]
[SourceTitle "playchess.com"]
[Source "ChessBase"]
[SourceQuality "1"]
[TimeControl "900+5"]

1. e4 Nf6 2. e5 Nd5 3. c4 Nb6 4. d4 d6 5. Nf3 Bg4 6. exd6 exd6 7. h3 Bxf3 8. Qxf3 Nc6 9. Be3 Be7 10. Be2 Bf6 11. O-O O-O 12. Rd1 Re8 13. Nc3 g6 14. Ne4 Bg7 15. Bg5 Qc8 16. Nf6+ Bxf6 17. Bxf6 Nd7 18. Bg5 f6 19. Bh6 Ne7 20. Bd3 c5 21. dxc5 Qxc5 22. Qxb7 Ne5 23. Be3 Qa5 24. Qe4 Kg7 25. Qh4 Nxd3 26. Rxd3 Nf5 27. Qf4 Rab8 28. Bd2 Qe5 29. Qxe5 dxe5 30. Bc3 Red8 31. Rad1 Rxd3 32. Rxd3 Rb7 33. b3 Kf7 34. g3 Ke7 35. Kg2 h5 36. Rd5 Nd6 37. Kf3 Ke6 38. Rd1 g5 39. g4 hxg4+ 40. hxg4 Nf7 41. c5 Nh8 42. Rd6+ Kf7 43. c6 Rc7 44. Ba5 Rc8 45. c7 1-0

[Event "Wuerttemberg Rapid Teams 2024"]
[Site "B?blingen, Germany"]
[Date "2024.04.13"]
[Round "6.13"]
[White "Zuferi, Enis"]
[Black "Kabisch, Thilo"]
[Result "1-0"]
[ECO "A43"]
[WhiteElo "2406"]
[BlackElo "2228"]
[Annotator "RC"]
[PlyCount "67"]
[EventDate "2024.04.13"]
[EventType "team-tourn"]
[SourceTitle "playchess.com"]
[Source "ChessBase"]
[SourceQuality "1"]
[TimeControl "900+5"]

1. d4 c5 2. d5 e6 3. c4 exd5 4. cxd5 d6 5. Nc3 a6 6. a4 Ne7 7. Nf3 Ng6 8. h4 Nd7 9. h5 Nge5 10. Nxe5 Nxe5 11. h6 g6 12. Bf4 Nd7 13. Ne4 Nf6 14. Ng5 Be7 15. e4 O-O 16. Be2 Nd7 17. Qd2 Qc7 18. O-O Bf6 19. Rac1 a5 20. Nf3 Re8 21. Bd3 b6 22. Rfe1 Ba6 23. Bxa6 Rxa6 24. Nd4 Bxd4 25. Qxd4 cxd4 26. Rxc7 Nc5 27. Bxd6 Nxa4 28. Be5 d3 29. d6 Raa8 30. d7 Reb8 31. Rec1 Nc5 32. R7xc5 bxc5 33. Bxb8 d2 34. d8=Q# 1-0

[Event "Wuerttemberg Rapid Teams 2024"]
[Site "B?blingen, Germany"]
[Date "2024.04.13"]
[Round "6.14"]
[White "Trachtmann, Mark"]
[Black "Huber, Philipp"]
[Result "1-0"]
[ECO "E94"]
[WhiteElo "2203"]
[BlackElo "2306"]
[Annotator "RC"]
[PlyCount "75"]
[EventDate "2024.04.13"]
[EventType "team-tourn"]
[SourceTitle "playchess.com"]
[Source "ChessBase"]
[SourceQuality "1"]
[TimeControl "900+5"]

1. d4 Nf6 2. c4 d6 3. Nf3 g6 4. Nc3 Bg7 5. e4 O-O 6. Be2 Na6 7. O-O e5 8. Be3 Qe7 9. dxe5 dxe5 10. Qc2 c6 11. a3 Ng4 12. Bg5 f6 13. Bd2 Nc5 14. h3 Nh6 15. b4 Ne6 16. Be3 g5 17. Rad1 f5 18. exf5 Nxf5 19. Ne4 Nfd4 20. Bxd4 Nxd4 21. Nxd4 exd4 22. Bg4 Bxg4 23. hxg4 Rf4 24. f3 h5 25. Rfe1 hxg4 26. Nf2 Qf7 27. Nxg4 d3 28. Rxd3 Re8 29. Rxe8+ Qxe8 30. Qd2 Qe6 31. Rd8+ Bf8 32. c5 a5 33. Qc3 axb4 34. axb4 Kf7 35. Qh8 Qe1+ 36. Kh2 Bg7 37. Rd7+ Ke6 38. Qe8+ 1-0

[Event "Wuerttemberg Rapid Teams 2024"]
[Site "B?blingen, Germany"]
[Date "2024.04.13"]
[Round "6.15"]
[White "Degenhard, Simon"]
[Black "Krockenberger, Martin"]
[Result "0-1"]
[ECO "B07"]
[WhiteElo "2204"]
[BlackElo "2125"]
[Annotator "RC"]
[PlyCount "108"]
[EventDate "2024.04.13"]
[EventType "team-tourn"]
[SourceTitle "playchess.com"]
[Source "ChessBase"]
[SourceQuality "1"]
[TimeControl "900+5"]

1. e4 d6 2. d4 Nf6 3. Nc3 g6 4. Be3 Bg7 5. Qd2 O-O 6. f3 c6 7. Bh6 e5 8. Nge2 Nxe4 9. Nxe4 Qh4+ 10. g3 Qxh6 11. Qxh6 Bxh6 12. Nxd6 Nd7 13. dxe5 Nxe5 14. f4 Ng4 15. Nxc8 Raxc8 16. Bh3 f5 17. Bxg4 fxg4 18. O-O Bg7 19. c3 Rfe8 20. Rfe1 Rcd8 21. Nd4 Bxd4+ 22. cxd4 Kf7 23. Rxe8 Rxe8 24. Kf2 Re4 25. d5 cxd5 26. Rc1 Rc4 27. Rxc4 dxc4 28. Ke3 Ke6 29. Kd4 b5 30. Kc5 Kf5 31. Kxb5 Ke4 32. Kxc4 Kf3 33. b4 Kg2 34. b5 Kxh2 35. a4 h5 36. a5 h4 37. b6 axb6 38. axb6 hxg3 39. b7 g2 40. b8=Q g1=Q 41. f5+ g3 42. Qh8+ Kg2 43. fxg6 Qf1+ 44. Kb3 Qd3+ 45. Qc3 Qxg6 46. Qd2+ Kh3 47. Qd7+ Qg4 48. Qh7+ Kg2 49. Qc2+ Kg1 50. Qc1+ Kf2 51. Qd2+ Qe2 52. Qd6 g2 53. Qh2 Qe3+ 54. Ka4 Qg3 0-1

[Event "Wuerttemberg Rapid Teams 2024"]
[Site "B?blingen, Germany"]
[Date "2024.04.13"]
[Round "6.16"]
[White "Eisele, Steffen"]
[Black "Tschlatscher, Thomas"]
[Result "0-1"]
[ECO "C61"]
[WhiteElo "2230"]
[BlackElo "2217"]
[Annotator "RC"]
[PlyCount "64"]
[EventDate "2024.04.13"]
[EventType "team-tourn"]
[SourceTitle "playchess.com"]
[Source "ChessBase"]
[SourceQuality "1"]
[TimeControl "900+5"]

1. e4 e5 2. Nf3 Nc6 3. Bb5 Nd4 4. Nxd4 exd4 5. O-O c6 6. Ba4 Nf6 7. d3 Be7 8. Nd2 O-O 9. Nf3 c5 10. c3 dxc3 11. bxc3 d5 12. e5 Ne8 13. d4 Bg4 14. h3 Bh5 15. Re1 Nc7 16. Rb1 Rb8 17. Be3 b5 18. Bc2 c4 19. g4 Bg6 20. Bxg6 fxg6 21. Kg2 Ne6 22. Qd2 a5 23. Ng1 b4 24. Ne2 g5 25. Rf1 bxc3 26. Nxc3 Bb4 27. Rbc1 Rb7 28. f4 gxf4 29. Bxf4 Rxf4 30. Rxf4 Qg5 31. Rcf1 Rf7 32. h4 Nxf4+ 0-1

[Event "Wuerttemberg Rapid Teams 2024"]
[Site "B?blingen, Germany"]
[Date "2024.04.13"]
[Round "6.17"]
[White "Braeuning, Rudolf Wilhelm"]
[Black "Kulm, Justin"]
[Result "0-1"]
[ECO "D11"]
[WhiteElo "2194"]
[BlackElo "1963"]
[Annotator "RC"]
[PlyCount "76"]
[EventDate "2024.04.13"]
[EventType "team-tourn"]
[SourceTitle "playchess.com"]
[Source "ChessBase"]
[SourceQuality "1"]
[TimeControl "900+5"]

1. d4 Nf6 2. Nf3 d5 3. g3 c6 4. Bg2 Bf5 5. O-O e6 6. c4 Nbd7 7. Qb3 Qb6 8. c5 Qxb3 9. axb3 e5 10. e3 Bd3 11. Re1 e4 12. Nfd2 h5 13. h3 a6 14. Nc3 g5 15. b4 Bh6 16. Bf1 Bxf1 17. Kxf1 O-O 18. Nb3 Ne8 19. b5 f5 20. bxc6 bxc6 21. Ne2 Nc7 22. Na5 Rf6 23. Bd2 Rb8 24. Ra2 h4 25. Kg2 Rb5 26. Nc3 Rb8 27. Ne2 Nf8 28. Kh2 Ng6 29. Rg1 Kf7 30. Rg2 Ke7 31. Rg1 Kd7 32. Rg2 hxg3+ 33. fxg3 f4 34. gxf4 gxf4 35. exf4 Nh4 36. Ng3 Nxg2 37. Kxg2 Rg8 38. Kh2 Rfg6 0-1

[Event "Wuerttemberg Rapid Teams 2024"]
[Site "B?blingen, Germany"]
[Date "2024.04.13"]
[Round "6.18"]
[White "Hartmann, Martin"]
[Black "Bueble, Joschua"]
[Result "1-0"]
[ECO "C56"]
[WhiteElo "2158"]
[BlackElo "1972"]
[Annotator "RC"]
[PlyCount "39"]
[EventDate "2024.04.13"]
[EventType "team-tourn"]
[SourceTitle "playchess.com"]
[Source "ChessBase"]
[SourceQuality "1"]
[TimeControl "900+5"]

1. e4 e5 2. Nf3 Nc6 3. d4 exd4 4. Bc4 Nf6 5. e5 d5 6. Bb5 Nd7 7. Bxc6 bxc6 8. O-O Be7 9. e6 fxe6 10. Nxd4 Nb8 11. Qh5+ g6 12. Qe2 Ba6 13. Qxe6 Bxf1 14. Kxf1 c5 15. Qe5 Kf7 16. Ne6 Qd6 17. Qxh8 Kxe6 18. Nc3 Qxh2 19. Qg8+ Kd6 20. Qxd5# 1-0

[Event "Wuerttemberg Rapid Teams 2024"]
[Site "B?blingen, Germany"]
[Date "2024.04.13"]
[Round "6.19"]
[White "Freiherr von Hauff, Christopher"]
[Black "Schraegle, Thorsten"]
[Result "1/2-1/2"]
[ECO "D02"]
[WhiteElo "1960"]
[BlackElo "1918"]
[Annotator "TA"]
[PlyCount "45"]
[EventDate "2024.04.13"]
[EventType "team-tourn"]
[SourceTitle "playchess.com"]
[Source "ChessBase"]
[SourceQuality "1"]
[TimeControl "900+5"]

1. d4 Nf6 2. Nc3 d5 3. Bf4 Bf5 4. e3 e6 5. Nf3 h6 6. Bd3 Ne4 (6... Bxd3 $11 {keeps the balance.} 7. cxd3 c6) 7. O-O c6 (7... Bb4 $11) 8. Bxe4 $16 {[%emt 0:00:30] White is better.} Bxe4 9. Nxe4 dxe4 10. Nd2 f5 (10... Nd7 $16 {was called for.} 11. Nxe4 Be7 12. Nd6+ Bxd6) 11. Qh5+ $18 Kd7 12. Nc4 (12. f3 $18) 12... Qe8 $16 13. Ne5+ (13. Qe2 $18) 13... Kd8 14. Nf7+ ({Better is} 14. Ng6 $1 $16) 14... Ke7 $11 15. Bd6+ Kf6 {[%emt 0:00:35] Threatens to win with ...Bxd6.} 16. Be5+ Ke7 17. Bd6+ $1 Kf6 {[%emt 0:00:02] White must now prevent ...Bxd6.} 18. Bf4 (18. Be5+ $1 $11 {and White has nothing to worry.} Ke7 19. Bd6+) 18... Ke7 $2 (18... g6 $19 19. Qh3 Kxf7) 19. Bd6+ Kd7 $2 {[%emt 0:00:01][%mdl 8192] [#] Black is weak on the dark squares} (19... Kf6 $11 20. Be5+ Ke7 21. Bd6+) 20. Ne5+ $1 $18 Kd8 {[%emt 0:00:01] [#]} 21. Bc7+ $1 Ke7 {[%emt 0:00:03] [#]} 22. Bd6+ Kd8 $1 23. Qe2 $4 {[%emt 0:02:30][%mdl 40960] Weighted Error Value: White=0.69/Black=0.66.  Loses game:     	White=1     	Black=1      Missed win:     	White=1     	Black=1      Mistake:       	White=4     	Black=3      Inaccurate:     	White=1     	---        OK:         	White=4     	Black=1      Best:        	White=3     	Black=7      Strong:       	White=2     	Black=1     . An unexpected result.} (23. Qf7 $18 {[%csl Gd6][%cal Rf7c7] and life is good for White.} Nd7 (23... Bxd6 $2 {loses.} 24. Qxb7 Rf8 25. Qxa8 $18) 24. Bxf8 Rxf8 25. Qxg7) 1/2-1/2

[Event "Wuerttemberg Rapid Teams 2024"]
[Site "B?blingen, Germany"]
[Date "2024.04.13"]
[Round "6.20"]
[White "Deubel, Silas"]
[Black "Guenter, Alexander"]
[Result "1/2-1/2"]
[ECO "D94"]
[WhiteElo "1851"]
[BlackElo "1997"]
[Annotator "TA"]
[PlyCount "148"]
[EventDate "2024.04.13"]
[EventType "team-tourn"]
[SourceTitle "playchess.com"]
[Source "ChessBase"]
[SourceQuality "1"]
[TimeControl "900+5"]

1. Nf3 Nf6 2. e3 g6 3. d4 d5 4. c4 c6 5. Nc3 Bg7 6. b3 O-O 7. Bb2 Bg4 8. Be2 e6 9. h3 Bxf3 10. Bxf3 Nbd7 11. O-O Rc8 12. h4 h5 13. g3 dxc4 14. bxc4 e5 15. d5 cxd5 16. cxd5 Nb6 17. Qb3 (17. Rb1 $11) 17... Nc4 $17 {[%emt 0:00:24] Strongly threatening ...Nxb2.} 18. Rfd1 $2 (18. Bc1 $17) 18... Nxb2 19. Qxb2 {[%emt 0:00:05][%cal Oe3e4] [#]} e4 $1 20. Bg2 Qa5 {[%emt 0:00:13] Prevents Qa3} 21. Ne2 Nxd5 22. Nd4 b6 (22... Nc3 $19 23. Rdc1 Rc7) 23. Rd2 Qc3 24. Bxe4 Qxb2 25. Rxb2 Nc3 26. Bf3 Bxd4 27. exd4 Rfd8 28. Rd2 Rc4 29. d5 Rd6 30. Re1 Rc5 31. Re7 a5 32. Re5 Kg7 33. Kg2 b5 34. Kh3 (34. a3 $1 $11 {keeps the balance.}) 34... b4 $36 {[%emt 0:00:04][%mdl 2048] Keeping White busy.} 35. g4 hxg4+ 36. Kxg4 a4 37. h5 (37. Kg3 $17) 37... gxh5+ 38. Kxh5 $2 (38. Kg3) 38... Rc4 $19 {[%emt 0:00:30] ...Rh6+ would now be deadly.} 39. Rg5+ Kh7 40. Rg4 Rh6+ $2 ({Better is} 40... Rxg4 $19 41. Kxg4 b3) 41. Kg5 $15 Rg6+ (41... Rxg4+ {simplifies} 42. Kxg4 Rd6 43. Rc2 Nxd5 44. Rc4 a3) 42. Kf5 {[%emt 0:00:01] [#]} Rd6 $2 43. Rxc4 $18 Kg7 44. Rxb4 Rf6+ 45. Kg4 {[%emt 0:00:07] And now d6 would win.} Rg6+ 46. Kf4 {[%emt 0:00:02] Black must now prevent d6.} Rf6+ 47. Kg3 Rg6+ 48. Rg4 Rxg4+ 49. Bxg4 (49. Kxg4 $142 Kf8 50. d6 Ke8 51. Rc2 Kd7 52. Rxc3 Ke6 53. Rd3 (53. Re3+ Kxd6 54. Kf5 Kc5 55. Ke5 f6+ 56. Kxf6 Kd4 57. a3 Kc4) 53... f5+ 54. Kg5) 49... Ne4+ 50. Kf4 Nxd2 {[%emt 0:00:02][%mdl 4096] Endgame. KB-KN} 51. d6 {[%emt 0:00:21] Threatening mate with d7.} Kf6 52. d7 (52. Be2 $142 Nb1 53. Ke3) 52... Ke7 53. Ke3 Nc4+ 54. Kd4 Nd2 55. f3 $2 (55. Kd3 $18 f5 56. d8=R (56. Bxf5 Nf3 $18) 56... Kxd8 57. Kxd2 (57. Bxf5 Nf3 $18) 57... fxg4 58. Ke3) 55... f5 $16 {[%emt 0:00:07] [#]} 56. Bxf5 (56. Bh5 $1 $16) 56... Nxf3+ $11 57. Kc3 a3 58. Kb4 (58. Bh3 {simplifies} Ne5 59. Kb4 Nxd7 60. Kxa3 Kd8 61. Kb4) 58... Nd4 (58... Ne5 {simplifies} 59. Kxa3 Nxd7 60. Bh3 Kd8) 59. Bg4 Nc2+ 60. Kb3 Ne3 61. Bh3 Kd8 62. Kxa3 {[%emt 0:00:02] Intending Kb4 and mate.} Nc4+ 63. Kb4 Nb6 64. a4 Nxd7 65. Kb5 {[%emt 0:00:13] Kc6 would kill now.} Ne5 $2 {[%emt 0:00:15][%mdl 8192] [#]} (65... Kc7 $11) 66. a5 $2 (66. Kb6 $1 $18 Nc4+ 67. Kc6) 66... Kc7 {[%emt 0:00:02] The position is equal.} 67. a6 Nc6 68. Bg2 Na7+ 69. Kc5 Nc8 70. Bf3 Na7 71. Be4 Nc8 72. Bf5 Nb6 73. a7 {[%emt 0:00:04] White threatens Be4 and mate.} Kb7 74. Be4+ Kxa7 {[%emt 0:00:01] A wild game.   Weighted Error Value: White=0.61/Black=0.41.  Loses game:     	White=1     	Black=2      Missed win:     	White=1     	Black=1      Mistake:       	White=4     	Black=1      Inaccurate:     	White=3     	Black=6      OK:         	White=8     	Black=20     Best:        	White=6     	Black=5      Brilliant:      	---       	Black=1} 1/2-1/2

[Event "Wuerttemberg Rapid Teams 2024"]
[Site "B?blingen, Germany"]
[Date "2024.04.13"]
[Round "6.21"]
[White "Kerpe, Andreas"]
[Black "Seitz, Patrick"]
[Result "1/2-1/2"]
[ECO "B24"]
[WhiteElo "2146"]
[BlackElo "2125"]
[Annotator "RC"]
[PlyCount "89"]
[EventDate "2024.04.13"]
[EventType "team-tourn"]
[SourceTitle "playchess.com"]
[Source "ChessBase"]
[SourceQuality "1"]
[TimeControl "900+5"]

1. e4 c5 2. Nc3 Nc6 3. g3 g6 4. Bg2 Bg7 5. d3 e6 6. Be3 b6 7. Qd2 Bb7 8. Nge2 h6 9. O-O Nge7 10. Rad1 a6 11. d4 cxd4 12. Nxd4 Ne5 13. Qe2 O-O 14. f4 N5c6 15. Qf2 b5 16. e5 Qc7 17. Nb3 Nb4 18. Bxb7 Qxb7 19. Nc5 Qc6 20. Rd6 Qc8 21. Nxd7 Ned5 22. Nxd5 Nxd5 23. Nxf8 Bxf8 24. Rxd5 exd5 25. Rd1 Qc4 26. b3 Qe4 27. Rd4 Qf5 28. Rxd5 Rc8 29. Rd2 Bb4 30. Re2 Rd8 31. Kg2 Rd1 32. Qf3 h5 33. h3 Qd7 34. g4 hxg4 35. hxg4 Ra1 36. f5 Qd1 37. Kg3 Be1+ 38. Kf4 Bh4 39. Qa8+ Bd8 40. Bd2 Qxe2 41. Qxd8+ Kg7 42. Qf6+ Kg8 43. Qd8+ Kg7 44. Qf6+ Kg8 45. Qd8+ 1/2-1/2